 Dungeon Crawl Stone Soup version 0.18.1-6-gd335043 (webtiles) character file.

35 Vasya666 the Ruffian (level 3, 0/29 HPs)
             Began as a Draconian Transmuter on May 17, 2016.
             Slain by a giant cockroach (1 damage)
             ... on level 2 of the Dungeon.
             The game lasted 00:03:18 (1477 turns).

Vasya666 the Ruffian (Draconian Transmuter)         Turns: 1477, Time: 00:03:19

Health: 0/29       AC:  6    Str:  9 (12) XL:     3   Next: 17%
Magic:  3/6        EV: 12    Int: 12 (14) God:
Gold:   57         SH:  0    Dex:  8 (11) Spells: 1 memorised, 5 levels left

rFire  . . .     SeeInvis .       - Unarmed
rCold  . . .     Gourm    .     (armour unavailable)
rNeg   . . .     Faith    .     (no shield)
rPois  .         Spirit   .     (helmet restricted)
rElec  .         Dismiss  .     g - +0 cloak
rCorr  .         Reflect  .     (no gloves)
SustAt .         Harm     .     (no boots)
MR     .....                    (no amulet)
Stlth  +.........               (no ring)
                                (no ring)

@: lethally poisoned (0 -> -2), very slightly contaminated, not resistant to
hostile enchantments, very unstealthy
A: unfitting armour, cold-blooded, AC +5
a: no special abilities


You were on level 2 of the Dungeon.
You were not hungry.

You visited 1 branch of the dungeon, and saw 2 of its levels.

You collected 57 gold pieces.

Inventory:

Missiles
 a - 12 arrows
Armour
 g - a +0 cloak (worn)
Scrolls
 d - a scroll of random uselessness {unknown}
 e - a scroll of blinking {unknown}
 f - a scroll of magic mapping {unknown}
 i - a scroll of remove curse {unknown}
 k - 2 scrolls of teleportation {unknown}
Books
 b - a book of Changes

   Spells                             Type                      Level
   a - Beastly Appendage              Transmutation                1
   b - Sticks to Snakes               Transmutation                2
   c - Spider Form                    Transmutation/Poison         3
   d - Ice Form                       Ice/Transmutation            4
   e - Blade Hands                    Transmutation                5
Comestibles
 c - a bread ration
 h - 3 chunks of flesh


   Skills:
 * Level 1.7 Fighting
 + Level 2.1 Dodging
 * Level 3.4 Unarmed Combat
 + Level 2.2 Spellcasting
 + Level 2.3 Transmutations


You had 5 spell levels left.
You knew the following spells:

 Your Spells              Type           Power        Failure   Level  Hunger
a - Beastly Appendage     Trmt           #.....       12%         1    ##.....


Dungeon Overview and Level Annotations

Branches:
Dungeon (2/15)

Altars:


Innate Abilities, Weirdness & Mutations

Your plain brown scales are hard (AC +5).
Your body does not fit into most forms of armour.
You are cold-blooded and may be slowed by cold attacks.


Message History

The giant cockroach closely misses you.
The giant gecko bites you but does no damage.
The giant cockroach completely misses you.
Drink which item? (? for menu, Esc to quit)
It was a potion of degeneration.
There was something very wrong with that liquid.
You feel weakened.
You feel dopey.
You feel clumsy.
The giant cockroach bites you but does no damage.
You hit the giant cockroach.
Your tail-slap misses the giant cockroach.
The giant cockroach is moderately wounded.
Your horns disappear.
* * * LOW HITPOINT WARNING * * *
You feel sick.
The giant cockroach bites you but does no damage.
You hit the giant cockroach but do no damage.
Your tail-slap misses the giant cockroach.
The giant cockroach is moderately wounded.
The giant cockroach bites you.
You die...

.#..................##
.....##..............#####
.........##...............
.........##.......((.##.#.
.....................# #
#...................##...
..........................
##.#....##s...............
........@#.........#.)...
..........#...............
...........#.#......#..###
....................##.#
................)#.###..#
..#.......####......... .
........###......##.
.#>......##....####
#.......#....##


You could see a giant cockroach.

Vanquished Creatures
  An adder (D:2)
  3 giant geckos
  3 goblins (D:1)
  4 hobgoblins (D:1)
  5 bats
  A giant newt (D:1)
  5 kobolds
  A rat (D:2)
23 creatures vanquished.

Notes
Turn   | Place    | Note
--------------------------------------------------------------
     0 | D:1      | Vasya666 the Draconian Transmuter began the quest for the Orb.
     0 | D:1      | Reached XP level 1. HP: 16/16 MP: 3/3
   789 | D:1      | Reached XP level 2. HP: 22/23 MP: 5/5
  1472 | D:2      | HP: 1/23 [giant gecko (3)]
  1473 | D:2      | Reached XP level 3. HP: 2/29 MP: 3/6
  1477 | D:2      | Slain by a giant cockroach

Skill      XL: |  1  2 |
---------------+-------+-----
Dodging        | 2 |  2.1
Fighting       | |  1.7
Unarmed Combat | |  3.4
Spellcasting   | |  2.2
Transmutations | |  2.3

Action                   || total
-------------------------++-------
Melee: Unarmed           ||    96
       Kick              ||     4
       Headbutt          ||     6
       Tailslap          ||     4
       Punch             ||     2
 Cast: Beastly Appendage ||    20
  Use: Potion            ||     1
  Eat: Chunk             ||     2
Armor: Skin              ||    35
Dodge: Dodged            ||    75
